 Dungeon Crawl Stone Soup version 0.26-a0-661-g406de6ba63 (webtiles) character file.

Game seed: 643076077023458575

9 grandjackal the Slasher (level 2, 22/22 HPs)
             Began as a Demonspawn Gladiator on Oct 9, 2020.
             Quit the game on level 1 of the Dungeon.
             The game lasted 00:00:38 (420 turns).

grandjackal the Slasher (Demonspawn Gladiator)       Turns: 420, Time: 00:00:39

Health: 22/22      AC:  8    Str: 14    XL:     2   Next: 3%
Magic:  2/2        EV: 12    Int:  9    God:
Gold:   73         SH:  0    Dex: 14    Spells: 1/1 levels left

rFire    . . .     SeeInvis .   a - +0 long sword
rCold    . . .     Faith    .   (no shield)
rNeg     . . .     Spirit   .   l - +0 ring mail
rPois    .         Reflect  .   c - +0 helmet
rElec    .         Harm     .   (no cloak)
rCorr    .         Rampage  .   (no gloves)
MR       .....                  k - +1 pair of boots
Stlth    +.........             (no amulet)
HPRegen  0.07/turn              (no ring)
MPRegen  0.08/turn              (no ring)

@: no status effects
A: claws 1
a: no special abilities


You were on level 1 of the Dungeon.
You visited 1 branch of the dungeon, and saw 1 of its levels.

You collected 73 gold pieces.

Inventory:

Hand Weapons
 a - a +0 long sword (weapon)
 i - a +0 dagger of flaming
Missiles
 d - 3 throwing nets (quivered)
Armour
 c - a +0 helmet (worn)
 k - a +1 pair of boots (worn)
 l - a +0 ring mail (worn)
Scrolls
 e - a scroll of remove curse {unknown}
 j - 2 scrolls of teleportation {unknown}
Potions
 b - 2 potions of might {unknown}
 f - a potion of haste {unknown}
 g - a potion of curing {unknown}
 h - a potion of lignification {unknown}


   Skills:
 + Level 2.2 Fighting
 + Level 2.9 Long Blades
 - Level 1.7 Throwing
 + Level 2.9 Dodging


You had one spell level left.
You didn't know any spells.
Your spell library was empty.

Dungeon Overview and Level Annotations

Branches:
Dungeon (1/15)

Altars:


Innate Abilities, Weirdness & Mutations

You have sharp fingernails.


Message History

The jackal barks!
The jackal moves out of view. 2 jackals come into view.
The jackal barks!
The jackal moves out of view.
A jackal comes into view.
The jackal barks!
The jackal splashes around in the water.
You hit the jackal.
The jackal is severely wounded.
You closely miss the jackal.
The jackal is heavily wounded.
The jackal closely misses you.
You slash the jackal!
You kill the jackal!
You have reached level 2!
You feel monstrous as your demonic heritage exerts itself.
Your demonic ancestry asserts itself...
Your fingernails lengthen.
Are you sure you want to abandon this character and quit the game? (Confirm with "yes".)

.≈≈..≈.
.≈≈≈≈≈.
≈≈≈..≈.
≈≈≈.... #
.≈≈.... ..
## .
≈hh..≈.
....# #
##≈≈≈≈...
..#..##
#@h≈≈....
...>.#
#.#≈≈#...
#.#.. #.#
≈# #...#
#.# ≈≈
#...# #.#
≈# ##....
#.#
######.).#.
#.#
#.....####
#.#
#.###.####
#.#
##.###.##..


You could see 3 jackals.

Vanquished Creatures
  A leopard gecko (D:1)
  A ball python (D:1)
  A bat (D:1)
  A hobgoblin (D:1)
  A jackal (D:1)
  A goblin (D:1)
  A kobold (D:1)
7 creatures vanquished.

Notes
Turn   | Place    | Note
-------+----------+-------------------------------------------
     0 | D:1      | grandjackal the Demonspawn Gladiator began the quest for
                  | the Orb.
     0 | D:1      | Reached XP level 1. HP: 16/16 MP: 1/1
   419 | D:1      | Gained mutation: You have sharp fingernails. [demonic
                  | ancestry]
   419 | D:1      | Reached XP level 2. HP: 22/22 MP: 2/2
   420 | D:1      | Quit the game

Illustrated notes

Levels and vault maps discovered:
D:1:      kilobyte_arrival_exit_the_forest, layout_rooms,
          chequers_serial_rivers_small_3, minmay_stone_trees_small

Action                   || total
-------------------------++-------
Melee: Long sword        ||    20
Armor: Leather armour    ||     3
       Ring mail         ||     1
Dodge: Dodged            ||    15
       Rpst.: Long sword ||     6

Table legend: (Time is in decaauts)
 A = Elapsed time spent in this place.
 B = Non-inter-level travel time spent in this place.
 C = Inter-level travel time spent in this place.
 D = Time resting spent in this place.
 E = Time spent auto-exploring this place.
 F = Levels seen in this place.
 G = Mean time per level.
                   A        B        C        D        E       F      G
               +--------+--------+--------+--------+--------+-----+--------+
         Total |    426 |    426 |      0 |      0 |    323 |   1 |  426.0 |
       Dungeon |    426 |    426 |      0 |      0 |    323 |   1 |  426.0 |
               +--------+--------+--------+--------+--------+-----+--------+

Top non-repeatable levels by time:
     D:1: 426 daAuts
